 Seeded DCSS version 0.30.1-11-g7821555f0a (webtiles) character file.

Game seed: 5 (custom seed)

2422 Kazon the Cleaver (level 9, -5/75 HPs)
             Began as a Hill Orc Fighter on Oct 31, 2023.
             Was a Believer of Beogh.
             Slain by a two-headed ogre
             ... wielding a +0 giant spiked club
              (13 damage)
             ... on level 7 of the Dungeon.
             The game lasted 00:23:47 (4665 turns).

Kazon the Cleaver (Hill Orc Fighter)                Turns: 4665, Time: 00:23:47

Health: -5/75      AC: 11    Str: 25    XL:     9   Next: 48%
Magic:  0/21       EV:  8    Int:  5    God:    Beogh [**....]
Gold:   341        SH: 14    Dex: 16    Spells: 8/8 levels left

rFire   . . .        a - +0 war axe
rCold   . . .        c - +0 tower shield
rNeg    + . .        b - +0 scale mail
rPois   .            l - +0 helmet
rElec   .            (no cloak)
rCorr   .            e - +1 pair of gloves "Boablog" {Rampage rN+ Str+4 Int-5}
SInv    .            (no boots)
Will    .....        E - amulet of guardian spirit Stlth
                     m - ring of magical power
HPRegen 0.32/turn    A - +6 ring of dexterity
MPRegen 0.17/turn

%: guardian spirit, rampage
@: no status effects
A: no striking features
a: Renounce Religion, Smiting


You were on level 7 of the Dungeon.
You worshipped Beogh.
Beogh was pleased with you.
You visited 1 branch of the dungeon, and saw 7 of its levels.
You also visited: Ossuary.

You collected 341 gold pieces.

Inventory:

Hand Weapons
 a - a +0 war axe (weapon)
 f - a +0 hand axe of flaming
 r - a +2 vampiric dagger
 v - a +0 vampiric hand axe
Missiles
 j - 4 boomerangs (quivered)
 p - 11 poisoned darts
Armour
 b - a +0 scale mail (worn)
 c - a +0 tower shield (worn)
 e - the +1 pair of gloves "Boablog" (worn) {Rampage rN+ Str+4 Int-5}
   (You acquired it on level 1 of the Dungeon)

   Str:       It affects your strength (+4).
   Int:       It affects your intelligence (-5).
   rN:        It protects you from negative energy.
   Rampage:   It bestows one free step when moving towards enemies.
 l - a +0 helmet (worn)
Jewellery
 m - a ring of magical power (left hand)
 A - a +6 ring of dexterity (right hand)
 E - an amulet of guardian spirit (around neck)
Wands
 z - a wand of paralysis (7)
Scrolls
 g - a scroll of fog {unknown}
 i - a scroll of enchant armour {unknown}
 n - 2 scrolls of magic mapping {unknown}
 o - 4 scrolls of identify {unknown}
 q - a scroll of blinking {unknown}
 s - 2 scrolls of summoning {unknown}
 t - 2 scrolls of teleportation {unknown}
 x - a scroll of amnesia {unknown}
 y - a scroll of poison {unknown}
 C - a scroll of torment {unknown}
 J - 2 scrolls of fear {unknown}
 K - a scroll of enchant weapon {unknown}
Potions
 d - a potion of might
 h - a potion of resistance {unknown}
 k - 4 potions of curing
 u - 2 potions of invisibility {unknown}
 w - 5 potions of flight {unknown}
 B - 4 potions of heal wounds {unknown}
 D - a potion of lignification {unknown}
 F - 4 potions of attraction {unknown}
 G - 2 potions of berserk rage {unknown}
 H - a potion of haste {unknown}
 I - 2 potions of brilliance {unknown}
 L - a potion of magic


   Skills:
 + Level 6.0 Fighting
 + Level 1.0(1.2) Short Blades
 * Level 0.7(1.1) Long Blades
 + Level 9.3 Axes
 + Level 2.9 Throwing
 + Level 5.8 Armour
 + Level 2.1 Dodging
 + Level 0.8 Stealth
 + Level 5.4 Shields
 * Level 4.1 Invocations
 * Level 4.2 Evocations


You had 8 spell levels left.
You didn't know any spells.
Your spell library contained the following spells:

 Spells                   Type           Power      Damage    Failure   Level
 Frozen Ramparts          Ice            0%         1d1       100%        3
 Ignite Poison            Fire/Tmut/Pois 0%         N/A       100%        3
 Ice Form                 Ice/Tmut       0%         N/A       100%        4
 Sticky Flame             Conj/Fire      0%         2d3       100%        4
 Summon Ice Beast         Ice/Summ       0%         N/A       100%        4
 Summon Forest            Summ/Tloc      0%         N/A       100%        5
 Eringya's Noxious Bog    Tmut/Pois      0%         N/A       100%        6
 Summon Hydra             Summ           0%         N/A       100%        7
 Ignition                 Fire           0%         3d3       100%        8


Dungeon Overview and Level Annotations

Branches:
Dungeon (7/15)             Temple (0/1) D:4         Ossuary (visited)

Altars:
Dithmenos
Fedhas
Hepliaklqana
Qazlal
Xom


Message History

You barely miss the two-headed ogre. You block the two-headed ogre's attack.
The two-headed ogre barely misses you.
You hit the two-headed ogre but do no damage.
You block the two-headed ogre's attack. The two-headed ogre closely misses you.
You hit the two-headed ogre.
The two-headed ogre is lightly wounded.
You barely miss the two-headed ogre.
The two-headed ogre is lightly wounded.
The two-headed ogre hits you with a +0 giant spiked club!
The two-headed ogre hits you with a +0 giant club!
You slash the two-headed ogre!
The two-headed ogre is moderately wounded.
The two-headed ogre barely misses you.
The two-headed ogre hits you with a +0 giant club!
You slash the two-headed ogre!
The two-headed ogre is heavily wounded.
The two-headed ogre hits you with a +0 giant spiked club!
You block the two-headed ogre's attack.
You hit the two-headed ogre but do no damage.
The two-headed ogre is heavily wounded.
The two-headed ogre closely misses you. You block the two-headed ogre's attack.
You slash the two-headed ogre!
The two-headed ogre is severely wounded.
The two-headed ogre hits you with a +0 giant spiked club!
The two-headed ogre hits you with a +0 giant club!
* * * LOW HITPOINT WARNING * * *
You closely miss the two-headed ogre.
The two-headed ogre is severely wounded.
The two-headed ogre barely misses you. You block the two-headed ogre's attack.
You slash the two-headed ogre!
The two-headed ogre is almost dead.
You hit the two-headed ogre.
The two-headed ogre is almost dead.
The two-headed ogre closely misses you.
The two-headed ogre hits you with a +0 giant club!
* * * LOW HITPOINT WARNING * * *
You hit the two-headed ogre but do no damage.
The two-headed ogre is almost dead.
The two-headed ogre hits you with a +0 giant spiked club!
You die...

#.. #.# .# #.# .# #.# .#
#.# .# #.# .# #####.# .#
#####.....##O######
######..........@.......
.......###.######.#.####
######## #.# .# #.# ..
#.# .....# ####.#
#.....# #....# #.$<..# #
#.#### #....## . ## #.#
#....##.#


You could see a two-headed ogre.

Vanquished Creatures
  Sigmund (D:4)
  Duvessa (D:6)
  A water moccasin (D:6)
  2 black bears (D:4)
  A centaur (D:6)
  An ogre (D:5)
  An elf zombie (Ossuary)
  A kobold brigand (D:7)
  3 scorpions
  4 killer bees (D:7)
  3 wights (D:7)
  Dowan (D:6)
  A howler monkey (D:6)
  A vampire bat (D:7)
  A centaur zombie (Ossuary)
  4 hounds
  3 human zombies (Ossuary)
  A jelly (D:5)
  An orc priest (D:6)
  2 orc wizards (D:6)
  6 iguanas
  4 ogre zombies (Ossuary)
  7 mummies (Ossuary)
  4 gnolls (D:5)
  8 adders
  A white imp (D:7)
  An ufetubus (D:4)
  A worm zombie (D:7)
  2 adder zombies (Ossuary)
  3 worms
  12 orcs
  12 bats
  9 endoplasms
  A giant cockroach (D:1)
  12 goblins
  7 hobgoblins
  11 jackals
  10 kobolds
  3 quokkas (D:4)
  6 ball pythons
  3 frilled lizards
  4 goblin zombies (Ossuary)
  6 hobgoblin zombies
  3 kobold zombies
  4 quokka zombies (Ossuary)
  4 rats
  4 rat zombies (Ossuary)
182 creatures vanquished.

Vanquished Creatures (others)
  A hound (D:6)
  2 orc wizards (D:6)
  An ufetubus (D:6)
  An orc (D:6)
5 creatures vanquished.

Grand Total: 187 creatures vanquished

Notes
Turn   | Place    | Note
-------+----------+-------------------------------------------
     0 | D:1      | Kazon the Hill Orc Fighter began the quest for the Orb.
     0 | D:1      | Reached XP level 1. HP: 19/19 MP: 1/1
    47 | D:1      | Identified a scroll of acquirement
    47 | D:1      | Acquired the +1 pair of gloves "Boablog" {Rampage rN+ Str+4
                  | Int-5}
    62 | D:1      | Reached XP level 2. HP: 21/27 MP: 2/2
   329 | D:1      | Reached XP level 3. HP: 34/34 MP: 3/3
   837 | D:2      | Reached skill level 3 in Axes
   958 | D:2      | Reached XP level 4. HP: 27/41 MP: 4/4
  1026 | D:2      | Reached skill level 4 in Axes
  1604 | D:3      | Found a blossoming altar of Fedhas.
  1614 | D:3      | Reached XP level 5. HP: 47/47 MP: 5/5
  1724 | D:3      | Identified the +2 sling "Qeuhanocyt" {speed, rElec Str-3
                  | Dex+2}
  1751 | D:3      | Found a faded altar of an unknown god.
  1802 | D:3      | Found a stormy altar of Qazlal.
  2064 | D:4      | Found a staircase to the Ecumenical Temple.
  2151 | D:4      | Noticed a black bear
  2168 | D:4      | Killed a black bear
  2169 | D:4      | Reached skill level 5 in Axes
  2175 | D:4      | Found a hazy altar of Hepliaklqana.
  2176 | D:4      | Found a shadowy altar of Dithmenos.
  2176 | D:4      | Noticed a shadow
  2210 | D:4      | Noticed Sigmund
  2221 | D:4      | Killed Sigmund
  2222 | D:4      | Reached skill level 5 in Fighting
  2222 | D:4      | Reached skill level 6 in Axes
  2222 | D:4      | Reached skill level 1 in Throwing
  2222 | D:4      | Reached skill level 1 in Dodging
  2222 | D:4      | Reached XP level 6. HP: 36/56 MP: 6/6
  2350 | D:4      | Reached XP level 7. HP: 60/61 MP: 7/7
  2916 | D:5      | Entered Level 5 of the Dungeon
  2940 | D:5      | Reached skill level 1 in Evocations
  2998 | D:5      | Reached skill level 7 in Axes
  3131 | D:5      | Reached skill level 1 in Short Blades
  3191 | D:5      | Reached XP level 8. HP: 44/68 MP: 8/8
  3365 | D:6      | Noticed Dowan
  3366 | D:6      | Noticed Duvessa
  3378 | D:6      | Killed Dowan
  3379 | D:6      | Reached skill level 5 in Armour
  3380 | D:6      | Killed Duvessa
  3488 | D:6      | Reached skill level 8 in Axes
  3536 | D:6      | Found a shimmering altar of Xom.
  3542 | D:6      | Became a worshipper of Beogh the Brigand
  3657 | D:6      | Reached skill level 1 in Invocations
  3873 | D:7      | Found a sand-covered staircase.
  3886 | Ossuary  | Entered an ossuary
  3922 | Ossuary  | Reached * piety under Beogh
  4076 | Ossuary  | Reached XP level 9. HP: 75/75 MP: 11/11
  4371 | D:7      | Reached ** piety under Beogh
  4381 | D:7      | Reached skill level 5 in Shields
  4404 | D:7      | Reached skill level 9 in Axes
  4652 | D:7      | Noticed a two-headed ogre
  4665 | D:7      | Slain by a two-headed ogre

Illustrated notes

Levels and vault maps discovered:
D:1:      ebering_trefoil_3fold, layout_basic, st_stairs_14, serial_bayou_ford_a
D:2:      layout_basic, hangedman_decor_growths, minmay_close_crescents
D:3:      layout_rooms, mainiacjoe_overflow_concentric_impassable,
          mainiacjoe_overflow_paths, shapermc_ecumenical_altar_acropolis,
          chequers_serial_rivers_micro_b
D:4:      layout_basic, riverfiend_overflow_shadow_ancestor,
          minmay_temple_entry_glass, uniq_sigmund
D:5:      layout_gridville
D:6:      layout_basic, xom_teletrap_fun, uniq_duvessa
D:7:      layout_loops_ring, enter_ossuary_3, roderic_batcave

Skill      XL: |  1  2  3  4  5  6  7  8  9 |
---------------+----------------------------+-----
Fighting       | 4 5 6 |  6.0
Axes           | 3 4 6 7 8 9 |  9.3
Armour         | 4 5 |  5.8
Throwing       | 1 2 |  2.9
Dodging        | 1 2 |  2.1
Shields        | 4 5 |  5.4
Evocations     | 2 3 4 |  4.2
Short Blades   | 1 |  1.0
Invocations    | 2 4 |  4.1
Long Blades    | |  0.7
Stealth        | |  0.8

Action                     |  1- 3 |  4- 6 |  7- 9 || total
---------------------------+-------+-------+-------++-------
  Melee: War axe           |   103 |   108 |    12 ||   223
         Hand axe          |       |    16 |   451 ||   467
  Throw: Stone             |       |    15 |     7 ||    22
         Dart              |       |       |    24 ||    24
         Boomerang         |       |       |    30 ||    30
 Invoke: Convert to Beogh  |       |       |     1 ||     1
  Evoke: Wand              |       |       |     1 ||     1
    Use: Scroll            |     2 |       |       ||     2
         Potion            |     1 |       |     1 ||     2
   Stab: Distracted        |       |       |     1 ||     1
 Armour: Scale mail        |    49 |    61 |   161 ||   271
  Dodge: Dodged            |    57 |    54 |   117 ||   228
  Block: Buckler           |    37 |    22 |    24 ||    83
         Tower shield      |       |       |   210 ||   210
